General information
			
			
        
        - name: BNet
 
        - type: Ladder team game (AT/RT)
 
        - host: Battle.net
 
        - saver: kunt.roII
 
        
map: RiverOfSouls 
        - players: 6
 
        - length: 45:09
 
        - speed: Fast
 - version: 1.22 W3XP
 - replay type:  Public
 
» download(317 KB)
Players
        team 1 (loser) 
              
              
ArmanSLR (
yellow | 60 APM | 2711 actions | 45:05)
              
 6 Blademaster 
 3 Wind Walk
 2 Critical Strike
 1 Bladestorm
 
                » actions 
                
                | Assign group hotkey | 36 |  | 
| Build / train | 86 |  | 
| Enter build submenu | 24 |  | 
| Enter hero's abilities submenu | 6 |  | 
| Give item / drop item | 5 |  | 
| Remove unit from queue | 1 |  | 
| Right click | 1406 |  | 
| Select / deselect | 689 |  | 
| Select group hotkey | 271 |  | 
| Use ability | 185 |  | 
                2711 total
 » units 
                
                | Peon | 13 |  | 
| Grunt | 3 |  | 
| Wind Rider | 1 |  | 
| Troll Batrider | 33 |  | 
| Shaman | 3 |  | 
                53 total
 » upgrades
                
                | Liquid Fire | 1 |  | 
| Ranged Weapons | 2 |  | 
| Reinforced Defenses | 1 |  | 
| Armor | 3 |  | 
| Shaman Training | 2 |  | 
                9 total
 » buildings
                
                | Altar of Storms | 1 |  | 
| Orc Burrow | 8 |  | 
| Barracks | 1 |  | 
| Stronghold | 1 |  | 
| Voodoo Lounge | 1 |  | 
| Beastiary | 2 |  | 
| Fortress | 1 |  | 
| War Mill | 2 |  | 
| Watch Tower | 5 |  | 
| Spirit Lodge | 3 |  | 
                25 total
 » build order
                00:05 Altar of Storms
00:21 Orc Burrow
00:50 Barracks
01:33 Orc Burrow
02:36 Stronghold
04:14 Voodoo Lounge
04:18 Orc Burrow
05:43 Beastiary
06:12 Beastiary
08:01 Fortress
08:03 War Mill
13:22 Watch Tower
13:27 Watch Tower
13:29 Watch Tower
17:47 Orc Burrow
17:59 Watch Tower
18:03 Watch Tower
33:19 Orc Burrow
33:20 Orc Burrow
33:22 Orc Burrow
33:24 Orc Burrow
34:09 Spirit Lodge
34:11 Spirit Lodge
34:14 Spirit Lodge
34:28 War Mill
» items
                
                | Circlet of Nobility | 1 |  | 
| Boots of Speed | 1 |  | 
| Healing Salve | 3 |  | 
| Lesser Clarity Potion | 3 |  | 
| Scroll of Speed | 1 |  | 
| Orb of Lightning | 1 |  | 
| Staff of Teleportation | 1 |  | 
| Potion of Lesser Invulnerability | 2 |  | 
                13 total
  
               
              
              
Palindrome- (
pink | 40 APM | 1821 actions | 45:06)
              
 2 Priestess of the Moon 
 1 Searing Arrows
 1 Trueshot Aura
 
                » actions 
                
                | Assign group hotkey | 2 |  | 
| Basic commands | 9 |  | 
| Build / train | 131 |  | 
| Enter build submenu | 68 |  | 
| Enter hero's abilities submenu | 2 |  | 
| Remove unit from queue | 3 |  | 
| Right click | 929 |  | 
| Select / deselect | 597 |  | 
| Select group hotkey | 2 |  | 
| Use ability | 78 |  | 
                1821 total
 » units 
                
                | Wisp | 83 |  | 
| Huntress | 2 |  | 
| Glaive Thrower | 8 |  | 
| Chimaera | 11 |  | 
| Hippogryph | 11 |  | 
                115 total
 » upgrades
                
                | Strength of the Wild | 3 |  | 
| Reinforced Hides | 3 |  | 
| Corrosive Breath | 1 |  | 
| Well Spring | 0 |  | 
| Ultravision | 1 |  | 
                8 total
 » buildings
                
                | Altar of Elders | 3 |  | 
| Moon Well | 12 |  | 
| Hunter's Hall | 2 |  | 
| Ancient of War | 4 |  | 
| Ancient Protector | 29 |  | 
| Tree of Life | 3 |  | 
| Ancient of Wonders | 1 |  | 
| Tree of Ages | 1 |  | 
| Tree of Eternity | 1 |  | 
| Ancient of Wind | 1 |  | 
| Chimaera Roost | 3 |  | 
                60 total
 » build order
                00:05 Altar of Elders
00:18 Moon Well
01:38 Hunter's Hall
02:04 Ancient of War
04:16 Moon Well
04:19 Ancient of War
04:53 Moon Well
06:57 Moon Well
07:36 Moon Well
11:14 Ancient of War
11:18 Ancient Protector
11:20 Ancient Protector
14:00 Tree of Life
14:03 Altar of Elders
14:04 Moon Well
14:08 Ancient of War
14:12 Altar of Elders
14:15 Tree of Life
15:47 Ancient of Wonders
17:38 Hunter's Hall
18:46 Ancient Protector
18:48 Ancient Protector
18:49 Ancient Protector
18:58 Ancient Protector
19:23 Ancient Protector
19:37 Ancient Protector
20:16 Ancient Protector
20:33 Ancient Protector
20:54 Ancient Protector
20:56 Ancient Protector
21:09 Ancient Protector
21:41 Ancient Protector
21:43 Ancient Protector
21:45 Ancient Protector
22:33 Tree of Life
22:36 Ancient Protector
22:38 Ancient Protector
22:46 Ancient Protector
23:06 Ancient Protector
23:28 Ancient Protector
23:58 Ancient Protector
24:56 Tree of Ages
26:54 Ancient Protector
27:18 Tree of Eternity
27:31 Ancient of Wind
27:41 Ancient Protector
27:56 Ancient Protector
27:58 Ancient Protector
28:02 Ancient Protector
28:16 Ancient Protector
29:40 Chimaera Roost
29:42 Chimaera Roost
29:44 Chimaera Roost
29:48 Moon Well
29:58 Moon Well
31:32 Moon Well
31:33 Moon Well
31:36 Moon Well
31:41 Moon Well
32:43 Ancient Protector
 
               
              
              
SuckMahBalls (
teal | 98 APM | 4423 actions | 45:03)
              
 5 Death Knight 
 3 Death Coil
 2 Unholy Aura
 3 Lich 
 2 Frost Nova
 1 Dark Ritual
 2 Dark Ranger 
 1 Silence
 1 Black Arrow
 
                » actions 
                
                | Assign group hotkey | 113 |  | 
| Basic commands | 14 |  | 
| Build / train | 85 |  | 
| Enter build submenu | 26 |  | 
| Enter hero's abilities submenu | 10 |  | 
| Give item / drop item | 2 |  | 
| Right click | 2393 |  | 
| Select / deselect | 443 |  | 
| Select group hotkey | 1199 |  | 
| Use ability | 138 |  | 
                4423 total
 » units 
                
                | Acolyte | 13 |  | 
| Ghoul | 2 |  | 
| Crypt Fiend | 8 |  | 
| Necromancer | 4 |  | 
| Obsidian Statue | 1 |  | 
| Meatwagon | 3 |  | 
| Frost Wyrm | 14 |  | 
                45 total
 » upgrades
                
                | Creature Attack | 3 |  | 
| Necromancer Training | 1 |  | 
| Web | 1 |  | 
| Freezing Breath | 1 |  | 
| Creature Carapace | 2 |  | 
                8 total
 » buildings
                
                | Graveyard | 1 |  | 
| Crypt | 1 |  | 
| Ziggurat | 11 |  | 
| Altar of Darkness | 1 |  | 
| Tomb of Relics | 1 |  | 
| Halls of the Dead | 2 |  | 
| Temple of the Damned | 1 |  | 
| Black Citadel | 1 |  | 
| Sacrificial Pit | 1 |  | 
| Slaughterhouse | 2 |  | 
| Spirit Tower | 2 |  | 
| Boneyard | 2 |  | 
                26 total
 » build order
                00:05 Graveyard
00:08 Crypt
00:19 Ziggurat
00:35 Altar of Darkness
00:58 Tomb of Relics
01:43 Ziggurat
03:15 Ziggurat
04:18 Halls of the Dead
04:18 Halls of the Dead
05:08 Ziggurat
06:54 Temple of the Damned
08:21 Black Citadel
09:05 Sacrificial Pit
09:06 Slaughterhouse
09:20 Slaughterhouse
10:17 Ziggurat
11:20 Spirit Tower
14:08 Spirit Tower
14:41 Boneyard
14:46 Boneyard
14:49 Ziggurat
15:49 Ziggurat
18:39 Ziggurat
18:54 Ziggurat
24:43 Ziggurat
31:08 Ziggurat
» items
                
                | Rod of Necromancy | 2 |  | 
| Healing Salve | 1 |  | 
| Lesser Clarity Potion | 1 |  | 
| Scroll of Town Portal | 1 |  | 
| Dust of Appearance | 1 |  | 
| Orb of Corruption | 1 |  | 
| Scroll of Healing | 4 |  | 
| Scroll of Protection | 1 |  | 
| Potion of Lesser Invulnerability | 1 |  | 
                13 total
  
               team 2 (winner) 
              
              
Gobiner (
green | 47 APM | 2130 actions | 45:06)
              
 5 Blademaster 
 3 Wind Walk
 2 Critical Strike
 
                » actions 
                
                | Assign group hotkey | 20 |  | 
| Basic commands | 27 |  | 
| Build / train | 82 |  | 
| ESC pressed | 8 |  | 
| Enter build submenu | 30 |  | 
| Enter hero's abilities submenu | 5 |  | 
| Give item / drop item | 3 |  | 
| Right click | 984 |  | 
| Select / deselect | 263 |  | 
| Select group hotkey | 468 |  | 
| Use ability | 239 |  | 
                2130 total
 » units 
                » upgrades
                
                | Liquid Fire | 1 |  | 
| Ranged Weapons | 3 |  | 
| Armor | 3 |  | 
| Troll Regeneration | 1 |  | 
| Reinforced Defenses | 1 |  | 
                9 total
 » buildings
                
                | Altar of Storms | 1 |  | 
| Orc Burrow | 4 |  | 
| War Mill | 1 |  | 
| Voodoo Lounge | 3 |  | 
| Watch Tower | 24 |  | 
| Stronghold | 1 |  | 
| Fortress | 1 |  | 
| Beastiary | 4 |  | 
| Barracks | 1 |  | 
                40 total
 » build order
                00:08 Altar of Storms
00:17 Orc Burrow
00:31 War Mill
01:24 Voodoo Lounge
01:50 Watch Tower
02:17 Orc Burrow
02:47 Watch Tower
03:09 Watch Tower
03:28 Watch Tower
04:04 Watch Tower
04:13 Watch Tower
04:34 Stronghold
05:13 Voodoo Lounge
05:25 Watch Tower
05:36 Watch Tower
06:42 Orc Burrow
06:43 Orc Burrow
07:03 Watch Tower
07:05 Fortress
07:16 Beastiary
07:27 Beastiary
08:13 Watch Tower
08:13 Watch Tower
10:35 Voodoo Lounge
11:28 Watch Tower
11:29 Watch Tower
11:30 Watch Tower
14:19 Barracks
14:51 Watch Tower
14:52 Watch Tower
14:53 Watch Tower
14:54 Watch Tower
15:18 Watch Tower
15:19 Watch Tower
17:24 Watch Tower
17:24 Watch Tower
17:26 Watch Tower
17:27 Watch Tower
40:31 Beastiary
40:36 Beastiary
» items
                
                | Lesser Clarity Potion | 5 |  | 
| Healing Salve | 4 |  | 
| Staff of Teleportation | 1 |  | 
| Circlet of Nobility | 2 |  | 
| Orb of Lightning | 1 |  | 
                13 total
  
               
              
              
kunt.roII (
purple | 133 APM | 6027 actions | 45:09)
              
 4 Archmage 
 2 Blizzard
 2 Brilliance Aura
 4 Mountain King 
 2 Storm Bolt
 2 Bash
 5 Paladin 
 3 Holy Light
 2 Divine Shield
 
                » actions 
                
                | Assign group hotkey | 58 |  | 
| Basic commands | 94 |  | 
| Build / train | 110 |  | 
| ESC pressed | 4 |  | 
| Enter build submenu | 62 |  | 
| Enter hero's abilities submenu | 14 |  | 
| Give item / drop item | 10 |  | 
| Right click | 2561 |  | 
| Select / deselect | 402 |  | 
| Select group hotkey | 2375 |  | 
| Use ability | 337 |  | 
                6027 total
 » units 
                
                | Peasant | 24 |  | 
| Priest | 4 |  | 
| Sorceress | 2 |  | 
                30 total
 » upgrades
                
                | Masonry | 3 |  | 
| Magic Sentry | 1 |  | 
| Lumber Harvesting | 2 |  | 
| Sorceress Training | 2 |  | 
| Priest Training | 2 |  | 
                10 total
 » buildings
                
                | Altar of Kings | 2 |  | 
| Farm | 6 |  | 
| Lumber Mill | 1 |  | 
| Scout Tower | 59 |  | 
| Arcane Tower | 8 |  | 
| Guard Tower | 22 |  | 
| Keep | 1 |  | 
| Castle | 2 |  | 
| Arcane Sanctum | 1 |  | 
| Arcane Vault | 2 |  | 
                104 total
 » build order
                00:08 Altar of Kings
00:22 Farm
00:47 Farm
00:53 Lumber Mill
01:10 Scout Tower
01:36 Arcane Tower
01:38 Scout Tower
01:52 Farm
02:15 Scout Tower
02:20 Guard Tower
02:24 Scout Tower
02:38 Scout Tower
02:51 Scout Tower
02:55 Guard Tower
02:57 Scout Tower
03:32 Arcane Tower
03:34 Guard Tower
03:37 Scout Tower
04:14 Keep
04:18 Scout Tower
04:20 Guard Tower
04:32 Scout Tower
05:14 Scout Tower
05:17 Scout Tower
05:18 Scout Tower
05:19 Guard Tower
05:26 Scout Tower
06:05 Scout Tower
06:07 Scout Tower
06:10 Guard Tower
06:14 Farm
06:47 Castle
06:48 Castle
07:11 Scout Tower
07:16 Scout Tower
07:17 Scout Tower
07:37 Scout Tower
07:38 Scout Tower
07:40 Guard Tower
07:49 Arcane Sanctum
10:03 Scout Tower
10:05 Scout Tower
10:07 Scout Tower
10:36 Arcane Tower
10:36 Arcane Tower
10:44 Guard Tower
11:06 Scout Tower
11:21 Guard Tower
12:17 Guard Tower
13:04 Scout Tower
13:05 Scout Tower
13:44 Guard Tower
13:46 Scout Tower
14:13 Arcane Tower
14:43 Guard Tower
14:43 Guard Tower
14:45 Scout Tower
14:46 Scout Tower
14:50 Scout Tower
14:51 Scout Tower
15:34 Farm
16:11 Guard Tower
16:12 Scout Tower
16:22 Farm
17:06 Guard Tower
17:07 Guard Tower
17:50 Arcane Vault
18:38 Arcane Vault
18:42 Scout Tower
18:42 Scout Tower
18:43 Scout Tower
19:40 Guard Tower
19:42 Scout Tower
19:42 Scout Tower
19:43 Scout Tower
19:44 Scout Tower
19:45 Scout Tower
19:45 Scout Tower
19:46 Scout Tower
20:03 Scout Tower
20:03 Scout Tower
20:04 Scout Tower
20:04 Scout Tower
20:04 Scout Tower
21:12 Guard Tower
21:15 Scout Tower
21:16 Scout Tower
21:18 Scout Tower
21:18 Scout Tower
22:30 Guard Tower
23:47 Guard Tower
23:49 Scout Tower
23:52 Scout Tower
23:53 Scout Tower
23:55 Scout Tower
23:55 Scout Tower
23:56 Scout Tower
24:48 Guard Tower
25:54 Arcane Tower
25:56 Scout Tower
26:38 Arcane Tower
43:19 Altar of Kings
» items
                
                | Boots of Speed | 4 |  | 
| Circlet of Nobility | 1 |  | 
| Staff of Teleportation | 5 |  | 
| Healing Salve | 1 |  | 
| Lesser Clarity Potion | 1 |  | 
| Scroll of Speed | 1 |  | 
| Orb of Lightning | 3 |  | 
| Staff of Sanctuary | 3 |  | 
                19 total
  
               
              
              
MrFrosty (
orange | 87 APM | 3932 actions | 45:06)
              
 4 Archmage 
 2 Blizzard
 2 Brilliance Aura
 4 Blood Mage 
 2 Flame Strike
 1 Siphon Mana
 1 Banish
 
                » actions 
                
                | Assign group hotkey | 23 |  | 
| Basic commands | 63 |  | 
| Build / train | 99 |  | 
| ESC pressed | 1 |  | 
| Enter build submenu | 44 |  | 
| Enter hero's abilities submenu | 9 |  | 
| Give item / drop item | 7 |  | 
| Remove unit from queue | 4 |  | 
| Right click | 1978 |  | 
| Select / deselect | 588 |  | 
| Select group hotkey | 796 |  | 
| Use ability | 320 |  | 
                3932 total
 » units 
                
                | Peasant | 15 |  | 
| Priest | 4 |  | 
| Sorceress | 3 |  | 
| Dragonhawk Rider | 13 |  | 
                35 total
 » upgrades
                
                | Masonry | 3 |  | 
| Lumber Harvesting | 1 |  | 
| Magic Sentry | 1 |  | 
| Sorceress Training | 2 |  | 
| Priest Training | 2 |  | 
| Animal War Training | 1 |  | 
| Armor | 3 |  | 
| Cloud | 1 |  | 
| Swords | 0 |  | 
                14 total
 » buildings
                
                | Altar of Kings | 1 |  | 
| Farm | 13 |  | 
| Scout Tower | 29 |  | 
| Lumber Mill | 1 |  | 
| Arcane Tower | 5 |  | 
| Guard Tower | 17 |  | 
| Keep | 1 |  | 
| Arcane Sanctum | 1 |  | 
| Castle | 1 |  | 
| Arcane Vault | 1 |  | 
| Gryphon Aviary | 1 |  | 
| Blacksmith | 1 |  | 
| Barracks | 1 |  | 
                73 total
 » build order
                00:06 Altar of Kings
00:19 Farm
00:41 Scout Tower
01:06 Lumber Mill
01:12 Arcane Tower
01:33 Farm
01:39 Scout Tower
02:12 Guard Tower
02:23 Scout Tower
02:48 Scout Tower
03:20 Arcane Tower
03:49 Farm
03:59 Guard Tower
04:01 Scout Tower
04:18 Farm
04:21 Keep
04:29 Scout Tower
04:37 Arcane Tower
04:39 Scout Tower
04:58 Guard Tower
05:01 Scout Tower
05:23 Guard Tower
05:25 Scout Tower
06:10 Guard Tower
07:16 Arcane Sanctum
07:20 Arcane Tower
07:21 Scout Tower
07:22 Scout Tower
08:15 Guard Tower
08:41 Arcane Tower
08:43 Scout Tower
09:27 Guard Tower
09:29 Scout Tower
09:30 Scout Tower
10:22 Guard Tower
10:24 Scout Tower
11:16 Guard Tower
11:58 Scout Tower
12:01 Scout Tower
12:56 Scout Tower
12:57 Scout Tower
13:18 Guard Tower
13:42 Guard Tower
13:44 Scout Tower
14:46 Scout Tower
14:49 Guard Tower
14:50 Scout Tower
15:40 Castle
15:42 Guard Tower
16:25 Arcane Vault
16:27 Guard Tower
16:53 Scout Tower
18:58 Gryphon Aviary
19:02 Blacksmith
19:06 Barracks
19:10 Farm
19:11 Farm
19:12 Farm
19:56 Guard Tower
20:46 Farm
26:46 Scout Tower
26:49 Scout Tower
26:51 Scout Tower
26:54 Scout Tower
26:57 Scout Tower
27:46 Guard Tower
31:01 Guard Tower
31:59 Scout Tower
33:12 Farm
33:14 Farm
34:59 Farm
35:00 Farm
35:02 Farm
» items
                
                | Staff of Teleportation | 2 |  | 
| Boots of Speed | 2 |  | 
| Potion of Healing | 1 |  | 
| Orb of Lightning | 2 |  | 
| Circlet of Nobility | 2 |  | 
| Periapt of Vitality | 1 |  | 
| Staff of Sanctuary | 2 |  | 
                12 total
  
                Chat log
          (00:09 / All) kunt.roII: hey HEYh
(00:15 / All) ArmanSLR: hi
(00:20 / All) kunt.roII: u guys watch Gom PLyaer game
(00:31 / All) kunt.roII:  ?
(01:20 / Allies) MrFrosty: tod has owned lyn a whole bunch too
(01:34 / Allies) kunt.roII: scout
(01:37 / Allies) MrFrosty: which noob is this
(01:40 / Allies) Gobiner: finex
(01:41 / Allies) kunt.roII: finex
(01:43 / Allies) MrFrosty: oh
(01:45 / Allies) MrFrosty: guys a noob
(02:04 / All) ArmanSLR: no
(02:07 / All) kunt.roII:  ?
(02:09 / All) MrFrosty: ?
(02:13 / All) ArmanSLR: u fail
(02:16 / All) kunt.roII: shit
(02:18 / All) MrFrosty: oh
(02:56 / All) Gobiner: sweet hacks
(03:01 / All) ArmanSLR: ?
(03:04 / All) ArmanSLR: we scouted
(03:05 / All) ArmanSLR: noob
(04:23 / All) kunt.roII: no
(04:23 / All) kunt.roII: u fail
(04:29 / All) ArmanSLR: y fauk' 
(04:30 / All) ArmanSLR: fail
(07:09 / All) ArmanSLR: fail
(12:14 / Allies) MrFrosty: upgrade
(19:06 / All) ArmanSLR: wtf
(19:07 / All) ArmanSLR: is
(19:08 / All) kunt.roII:  ?
(19:09 / All) ArmanSLR: the pioint
(19:11 / All) ArmanSLR: of ur newb strat
(19:15 / All) ArmanSLR: u guys arent making shit
(19:16 / All) Gobiner: we havin' fun, bros
(19:25 / All) ArmanSLR: wtf will u do when u run out of gold
(19:32 / All) Gobiner: nothin
(19:34 / All) MrFrosty: we havent thought that far ahead
(19:38 / All) ArmanSLR: lol
(20:55 / Allies) Gobiner: phone
(22:15 / Allies) kunt.roII: he didnt have any sight there
(22:21 / Allies) kunt.roII: and just ran army to it
(28:28 / Allies) kunt.roII: ROW
(29:22 / All) kunt.roII: lol i didnt know blade had truesight
(29:31 / All) ArmanSLR: ?
(29:38 / All) ArmanSLR: it doesnt
(29:42 / All) kunt.roII: why wisp scout if ur gonna hack?? xD
(29:48 / All) ArmanSLR: we dont hack noob
(29:52 / All) kunt.roII: ^^
(29:58 / All) ArmanSLR: if we did we woulda mass sieged and edng ame early
(30:02 / All) kunt.roII: u did mass seige
(30:09 / All) Palindrome-: After we scouted dumbfuck
(30:10 / All) kunt.roII: u just suck (which explains the hacking) so it didnt work
(30:13 / All) ArmanSLR: rofl
(30:18 / All) ArmanSLR: go get rank 1 solo
(30:20 / All) ArmanSLR: then talk shit
(30:20 / All) ArmanSLR: noob
(30:24 / All) kunt.roII: i dont think its possible to mass seige before the time u scouted?
(30:31 / All) kunt.roII: amybe u know some prosu build order tho
(30:39 / All) kunt.roII: watch out ice storm
(30:45 / All) ArmanSLR: dude
(30:47 / All) ArmanSLR: you suck
(30:50 / All) ArmanSLR: you guys are fucked
(30:52 / All) kunt.roII: shity
(30:55 / All) Gobiner: :)
(32:00 / All) Gobiner: thanks for the free win :)
(32:38 / All) kunt.roII: who wants fiends
(35:18 / All) Gobiner: thanks for the shade
(35:32 / All) ArmanSLR: thanks for the free win
(35:36 / All) kunt.roII: ^^
(37:13 / Allies) Gobiner: more bats?
(37:15 / Allies) Gobiner: save gold?
(37:20 / Allies) kunt.roII: save for now
(37:22 / Allies) kunt.roII: imo
(37:30 / Allies) kunt.roII: but that was good
(37:34 / All) Gobiner: mining in upkeep
(37:36 / All) Gobiner: what shitnoobs
(37:45 / All) Gobiner: u loose
(45:06 / All) Gobiner: we loose